 Dungeon Crawl Stone Soup version 0.31-a0-1068-g5939ac1fb6 (webtiles) character file.

Game seed: 17622011668683481652

204143 Colgate the Fencer (level 17, -1/161 HPs)
             Began as a Demigod Hunter on Nov 23, 2023.
             Killed from afar by a spriggan druid (20 damage)
             ... with a stone arrow
             ... on level 3 of the Swamp on Nov 24, 2023.
             The game lasted 03:59:07 (76454 turns).

Colgate the Fencer (Demigod Hunter)                Turns: 76454, Time: 03:59:08

Health: -1/161     AC: 14    Str: 12    XL:     17   Next: 38%
Magic:  20/20      EV: 22    Int: 11    God:
Gold:   1396       SH:  0    Dex: 35    Spells: 16/16 levels left

rFire   . . .        J - +1 great sword (holy)
rCold   . . .        (shield currently unavailable)
rNeg    + . .        U - +2 ring mail {Will+}
rPois   +            R - +2 hat {Will+}
rElec   +            I - scarf of Minor Irritation {shadows, rN+ Regen+ Stlth+}
rCorr   +            n - +0 pair of gloves "Orut" {Rampage rCorr}
SInv    .            G - +2 pair of boots
Will    +++..        K - amulet of Cipioqyb {Acrobat +Inv rElec}
Stlth   ++++         C - ring of flight
HPRegen 1.26/turn    r - ring of poison resistance
MPRegen 0.17/turn

%: acrobat, rampage
@: flying, studying Ranged Weapons
A: high MP 1, forlorn, divine attributes, clumsy 1, sense surroundings 1, no
potion heal 1
}: 1/15 runes: gossamer
a: Evoke Invisibility


You were on level 3 of the Swamp.
You visited 7 branches of the dungeon, and saw 31 of its levels.
You also visited: Sewer, Gauntlet, Ice Cave and Volcano.

You collected 3756 gold pieces.
You spent 2360 gold pieces at shops.

Inventory:

Hand Weapons
 a - a +1 longbow of flaming
 b - a +9 vampiric great sword
 J - a +1 great sword of holy wrath (weapon)
 X - the +5 falchion of Roevugedgh {flame, Dex+2 SInv}
   (You found it on level 3 of the Swamp)

   Dex+2:     It affects your dexterity (+2).
   SInv:      It lets you see invisible.
Missiles
 y - 6 curare-tipped darts
 T - 2 throwing nets {!f}
Armour
 n - the +0 pair of gloves "Orut" (worn) {Rampage rCorr}
   (You found it in a Gauntlet)

   rCorr:     It protects you from acid and corrosion.
   Rampage:   It bestows one free step when moving towards enemies.
 G - a +2 pair of boots (worn)
 I - the scarf of Minor Irritation (worn) {shadows, rN+ Regen+ Stlth+}
   (You found it on level 5 of the Lair of Beasts)

   rN+:       It protects you from negative energy.
   Regen+:    It increases your rate of health regeneration.
   Stlth+:    It makes you more stealthy.
 R - a +2 hat of willpower (worn)
 U - a +2 ring mail of willpower (worn)
Jewellery
 l - the ring "Rezed" {Ice rN++ Will+ MP+9 SInv}
   (You found it in an ice cave)

   [ring of ice]

   Ice:       It enhances your ice magic.
   rF-:       It makes you vulnerable to fire.
   rC+:       It protects you from cold.
   rN++:      It greatly protects you from negative energy.
   Will+:     It increases your willpower.
   MP+9:      It affects your magic capacity (+9).
   SInv:      It lets you see invisible.
 o - a +6 ring of protection
 r - a ring of poison resistance (right hand)
 u - a ring of willpower
 v - a ring of protection from fire
 C - a ring of flight (left hand)
 H - a +5 ring of evasion
 K - the amulet of Cipioqyb (around neck) {Acrobat +Inv rElec}
   (You bought it in a shop on level 2 of the Orcish Mines)

   [amulet of the acrobat]

   Acrobat:   It increases your evasion while moving and waiting.
   rElec:     It insulates you from electricity.
   +Inv:      It lets you turn invisible.
 N - a ring of protection from fire
 Z - a ring of protection from cold
Wands
 A - a wand of flame (60)
 B - a wand of paralysis (37)
 F - a wand of mindburst (38)
 P - a wand of quicksilver (13) {@v1}
 V - a wand of iceblast (23) {@v2}
Scrolls
 g - 5 scrolls of blinking {@r4}
 h - 2 scrolls of summoning
 p - 7 scrolls of fog
 q - 9 scrolls of teleportation {@r3}
 t - 4 scrolls of fear
 x - 5 scrolls of revelation
 E - a scroll of poison
 S - a scroll of silence
 Y - a scroll of vulnerability
Potions
 c - a potion of mutation
 d - 7 potions of haste {@q4}
 e - 3 potions of invisibility
 f - 6 potions of attraction
 i - 8 potions of might {@q3}
 j - 11 potions of curing {@q1}
 k - 3 potions of berserk rage
 m - 7 potions of ambrosia
 s - 14 potions of enlightenment
 z - 5 potions of heal wounds {@q2}
 D - 2 potions of brilliance
 M - 3 potions of resistance {@q5}
 Q - a potion of magic
 W - 4 potions of cancellation
Miscellaneous
 w - a phantom mirror
 L - a phial of floods
 O - a sack of spiders


   Skills:
 - Level 17.0 Fighting
 + Level 19.4 Long Blades
 - Level 10.0 Ranged Weapons
 - Level 4.4 Armour
 - Level 10.5 Dodging
 - Level 4.2 Stealth
 - Level 8.0 Evocations


You had 16 spell levels left.
You didn't know any spells.
Your spell library contained the following spells:

 Spells                   Type           Power      Damage    Failure   Level
 Apportation              Tloc           0%         N/A       58%         1
 Necrotise                Necr           0%         1d4       58%         1
 Sting                    Tmut/Pois      0%         1d3       58%         1
 Summon Small Mammal      Summ           0%         N/A       58%         1
 Jinxbite                 Hex            0%         N/A       75%         2
 Poisonous Vapours        Pois/Air       0%         N/A       75%         2
 Sublimation of Blood     Necr           0%         N/A       75%         2
 Dazzling Flash           Conj/Hex       0%         N/A       92%         3
 Hailstorm                Conj/Ice       0%         3d3       92%         3
 Ignite Poison            Fire/Tmut/Pois 0%         N/A       92%         3
 Mephitic Cloud           Conj/Pois/Air  0%         N/A       92%         3
 Volatile Blastmotes      Fire/Tloc      0%         2d10      92%         3
 Olgreb's Toxic Radiance  Pois           0%         N/A       100%        4
 Petrify                  Tmut/Erth      0%         N/A       100%        4
 Summon Ice Beast         Ice/Summ       0%         N/A       100%        4
 Agony                    Necr           0%         N/A       100%        5
 Alistair's Intoxication  Tmut/Pois      0%         N/A       100%        5
 Irradiate                Conj/Tmut      0%         3d11      100%        5
 Silence                  Hex/Air        0%         N/A       100%        5
 Simulacrum               Ice/Necr       0%         N/A       100%        6
 Starburst                Conj/Fire      0%         6d3       100%        6
 Maxwell's Capacitive Co  Air            0%         ∞         100%        8


Dungeon Overview and Level Annotations

Branches:
Dungeon (15/15) Temple (1/1) D:6 Lair (5/5) D:8 Swamp (3/4) Lair:2 Spider (4/4) Lair:2 Slime (0/5) Lair:4 Orc (2/2) D:12 Elf (0/3) Orc:2 Vaults (0/5) D:12 D:13 Depths (1/4) D:15 Sewer (visited) IceCv (visited) Volcano (visited) Gauntlet (visited)

Shops:
D:1 =   D:2 *   D:4 =   Orc:2 *(=[

Annotations:
D:9 kallion takana juttuja
Spider:1 1 runed translucent door, Asterion; Pascal76's ghost, journeyman MiFi


Innate Abilities, Weirdness & Mutations

You have an increased reservoir of magic. (+10% MP)
You shall have no god before yourself.
Your divine heritage dramatically boosts your attributes as you level up.
You are clumsy. (Dex -2)
You passively map a small area around you.
Potions are less effective at restoring your health.


Message History

The tentacled monstrosity constricts you.
The spriggan druid points at you and mumbles some strange words.
The stone arrow hits you!!
You barely miss the tentacled monstrosity.
The tentacled monstrosity tentacle-slaps you!
* * * LOW HITPOINT WARNING * * *
The tentacled monstrosity tentacle-slaps you!
* * * LOW HITPOINT WARNING * * *
The tentacled monstrosity tentacle-slaps you but does no damage.
The tentacled monstrosity constricts you.
* * * LOW HITPOINT WARNING * * *
The spriggan druid hits you with a +0 quarterstaff.
* * * LOW HITPOINT WARNING * * *
The swamp dragon roars deafeningly!
You hit the tentacled monstrosity.
The tentacled monstrosity convulses.
The tentacled monstrosity barely misses you.
The tentacled monstrosity tentacle-slaps you.
* * * LOW HITPOINT WARNING * * *
The tentacled monstrosity tentacle-slaps you.
* * * LOW HITPOINT WARNING * * *
The tentacled monstrosity constricts you.
* * * LOW HITPOINT WARNING * * *
Your system partially rejects the healing.
You feel much better.
The spriggan druid completely misses you.
The tentacled monstrosity tentacle-slaps you but does no damage.
The tentacled monstrosity tentacle-slaps you.
* * * LOW HITPOINT WARNING * * *
The tentacled monstrosity tentacle-slaps you.
* * * LOW HITPOINT WARNING * * *
The tentacled monstrosity constricts you!
* * * LOW HITPOINT WARNING * * *
You hit the tentacled monstrosity.
The tentacled monstrosity convulses.
The spriggan druid hits you with a +0 quarterstaff.
* * * LOW HITPOINT WARNING * * *
You cut the tentacled monstrosity into ribbons!!!
You kill the tentacled monstrosity!
The spriggan druid points at you and mumbles some strange words.
The stone arrow hits you!!
You die...

≈≈≈≈~~~..~.~♣♣♣[÷.♣.~.♣♣.~~~~
♣♣~~~~~~~...~♣♣♣~~♣.)♣♣~~~~~~~
~♣..~~§~~..~..~♣♣♣...†~~~~~~$
~ ♣♣.§~~~~~~~~~~.♣
♣~~~†~.....F ~~~~§~~~~~~~~.♣♣
♣.~~~..♣♣~.. ~.~~.~~~~~~..~~♣
♣~.~.....,
.~~~..~~~~~.~~§♣♣♣D~♣...~~~~ ,
~.~~..~~~~...~~..i.♣♣♣♣..~~~~~
~..~..~~~~.♣~÷..@~~♣♣ *♣.~~~§
...~~~~~§.♣♣♣♣♣~~~..♣♣♣~~~~~~
~, ~.~~~~~..♣♣ ♣♣..~.~~~..,~ ~
.♣~~~~~§.~♣♣ ♣~.§♣~~~... ~
.~..~~.~~..♣ ♣~[♣♣♣..§~. *
.....♣...♣♣♣ ♣♣♣♣ ♣♣~~~*
~~~.~♣♣♣♣♣ ~§. ~~~...♣ ~$♣*
~..♣♣~♣ *


You could see a swamp dragon and a spriggan druid.

Vanquished Creatures
  A tentacled monstrosity (Swamp:3)
  Jorgrun (Spider:1)
  Gastronok (Lair:3)
  Aizul (Spider:1)
  5 ghost moths
  9 emperor scorpions
  A broodmother (Spider:2)
  A stone giant (D:15)
  An orc warlord (Orc:1)
  Nessos (D:12)
  Azrael (D:15)
  2 bunyips (Swamp:2)
  2 spark wasps (Spider:3)
  5 dire elephants (Lair:5)
  A minotaur (Gauntlet)
  A shambling mangrove (Swamp:2)
  9 entropy weavers
  Fannar (Lair:3)
  10 hydras
  An ogre mage (D:15)
  A catoblepas (D:9)
  2 ironbound frosthearts (IceCv)
  A death knight (D:15)
  5 boulder beetles
  4 alligators
  3 jorogumos
  8 two-headed ogres
  2 centaur warriors
  2 ghost crabs
  3 radroaches
  7 tengu warriors
  6 demonic crawlers
  4 orc high priests
  9 death yaks
  2 skysharks
  Amaemon (D:9)
  3 pharaoh ants
  A sun moth (Spider:4)
  A spectral anaconda (Lair:5)
  7 skeletal warriors
  5 goliath frogs
  A swamp dragon (Swamp:2)
  8 orb spiders
  2 bog bodies
  An arcanist (D:14)
  A deep elf archer (Volcano)
  An obsidian statue (Lair:5)
  5 steelbarb worms
  11 deep elf pyromancers
  4 necromancers (Lair:5)
  3 oklob plants (Lair:4)
  4 ugly things (D:15)
  2 orc knights
  8 orc sorcerers
  3 will-o-the-wisps
  8 cyclopes
  3 moths of wrath
  23 wolf spiders
  2 manticores
  19 elephants
  5 black mambas
  An ice statue (IceCv)
  A gargoyle (D:14)
  2 torpor snails
  11 cane toads
  Maggie (D:6)
  7 rime drakes
  Jeremiah (D:8)
  An efreet (D:9)
  A dire elephant skeleton (Lair:5)
  An orange demon (D:10)
  12 komodo dragons
  2 unseen horrors
  7 trolls
  9 polar bears
  23 tarantellas
  Grinder (D:5)
  7 hornets (Swamp:2)
  7 tyrant leeches
  6 meliai
  5 blink frogs (Lair:2)
  A spectral elephant (Lair:5)
  18 jumping spiders
  12 flying skulls (Gauntlet)
  27 culicivoras
  8 slime creatures
  2 shadows
  4 spriggans (Swamp:2)
  A centaur simulacrum (Gauntlet)
  64 yaks
  Sigmund (D:6)
  A vampire (D:11)
  4 wyverns
  4 basilisks
  6 fire elementals
  16 humans (D:12)
  21 vampire mosquitoes
  2 chaos spawn (Gauntlet)
  66 redbacks
  2 steam dragons
  A redback simulacrum (D:14)
  A neqoxec (Gauntlet)
  A death yak simulacrum (Lair:5)
  Edmund (D:5)
  4 wargs
  2 acid dragons
  6 water moccasins
  6 swamp worms
  10 hell hounds
  33 orc warriors
  2 swamp drakes (Swamp:1)
  7 black bears
  A sky beast (D:7)
  9 ogres
  An ice beast (D:6)
  2 centaurs
  17 wolves (IceCv)
  A phantom (D:7)
  3 gnoll sergeants
  18 bullfrogs
  6 scorpions
  Blork the orc (D:5)
  3 cane toad simulacra
  5 wights (D:8)
  An elephant simulacrum (Lair:5)
  2 howler monkeys (D:6)
  3 electric eels
  5 hounds
  A jelly (D:7)
  2 gnoll boudas
  9 orc priests
  Crazy Yiuf (D:6)
  A sleepcap (D:5)
  5 iguanas
  19 orc wizards
  A boggart simulacrum (Gauntlet)
  16 gnolls
  6 river rats (Sewer)
  13 adders
  3 shadow imps
  A white imp (D:7)
  An adder skeleton (D:2)
  2 worms
  8 dart slugs
  70 orcs
  18 bats
  12 endoplasms
  9 giant cockroaches
  8 goblins
  6 hobgoblins
  4 jackals
  4 quokkas
  13 ball pythons
  11 frilled lizards
  A giant cockroach zombie (D:2)
  3 goblin skeletons (D:7)
  A goblin zombie (D:7)
  A hobgoblin zombie (D:7)
  3 kobolds
  A kobold zombie (D:7)
  2 orc skeletons (D:7)
  An orc zombie (D:7)
  3 rats
1024 creatures vanquished.

Vanquished Creatures (others)
  A bloated husk (Swamp:1)
  A culicivora (Spider:3)
  4 foxfires (Swamp:3)
6 creatures vanquished.

Grand Total: 1030 creatures vanquished

Notes
Turn   | Place    | Note
-------+----------+-------------------------------------------
     0 | D:1      | Colgate the Demigod Hunter began the quest for the Orb.
     0 | D:1      | Reached XP level 1. HP: 17/17 MP: 3/3
   176 | D:1      | Reached XP level 2. HP: 24/24 MP: 4/4
   441 | D:1      | Found Mualig's One-of-a-Kind Rings.
  1167 | D:2      | Reached XP level 3. HP: 29/29 MP: 5/5
  1371 | D:2      | Reached skill level 5 in Ranged Weapons
  1371 | D:2      | Found Vaophesy's General Store.
  1831 | D:2      | Reached XP level 4. HP: 36/36 MP: 6/6
  2240 | D:2      | Bought a scroll of blinking for 75 gold pieces
  2295 | D:4      | Noticed a black bear
  2398 | D:4      | Found a glowing drain.
  2401 | Sewer    | Entered a sewer
  2551 | Sewer    | Reached XP level 5. HP: 41/41 MP: 7/7
  7187 | Sewer    | Glimpsed the power of Zot.
  7398 | D:4      | Killed a black bear
  7399 | D:4      | Reached XP level 6. HP: 34/48 MP: 8/8
  7847 | D:4      | Found Nexe Izumont's Jewellery Shoppe.
  7981 | D:2      | Bought a scroll of fear for 40 gold pieces
  7981 | D:2      | Bought a scroll of enchant weapon for 75 gold pieces
  8054 | D:5      | Entered Level 5 of the Dungeon
  8136 | D:5      | Noticed Grinder
  8165 | D:5      | Reached XP level 7. HP: 57/57 MP: 9/9
  8582 | D:5      | Killed Grinder
  8607 | D:5      | Reached skill level 1 in Stealth
  8698 | D:5      | Noticed Blork the orc
  8703 | D:5      | Killed Blork the orc
  8885 | D:5      | Noticed Edmund
  8901 | D:5      | Killed Edmund
  8902 | D:5      | Reached skill level 5 in Fighting
  9020 | D:5      | Reached skill level 1 in Evocations
  9020 | D:5      | Reached XP level 8. HP: 68/68 MP: 10/10
  9071 | D:6      | Noticed a two-headed ogre
  9201 | D:6      | Noticed Sigmund
  9452 | D:6      | Found a staircase to the Ecumenical Temple.
  9735 | D:6      | Noticed Maggie
  9849 | D:6      | Killed Maggie
 10535 | D:6      | Killed Sigmund
 13009 | D:6      | Reached XP level 9. HP: 79/79 MP: 11/11
 13620 | D:6      | Found a runed translucent door.
 13621 | D:6      | Noticed Crazy Yiuf
 13789 | D:6      | Reached skill level 10 in Ranged Weapons
 15792 | D:6      | Killed Crazy Yiuf
 15805 | Temple   | Entered the Ecumenical Temple
 15879 | D:5      | Killed a two-headed ogre
 15880 | D:5      | Reached skill level 5 in Dodging
 16354 | D:1      | Bought a +4 ring of dexterity for 180 gold pieces
 16978 | D:8      | Noticed a komodo dragon
 17586 | D:8      | Killed a komodo dragon
 17772 | D:8      | Reached XP level 10. HP: 90/90 MP: 13/13
 18217 | D:8      | Noticed Jeremiah
 18240 | D:8      | Killed Jeremiah
 19864 | D:7      | Reached skill level 1 in Long Blades
 19918 | D:8      | Reached skill level 2 in Long Blades
 20267 | D:8      | Reached skill level 3 in Long Blades
 20523 | D:8      | Found a staircase to the Lair.
 20654 | D:8      | Found a staircase to the Lair.
 21146 | D:9      | Noticed a cyclops
 21146 | D:9      | Noticed an eight-headed hydra
 21524 | D:9      | Reached skill level 4 in Long Blades
 21800 | D:9      | Reached skill level 5 in Long Blades
 21943 | D:9      | Identified a scroll of acquirement
 21944 | D:9      | Acquired 1042 gold pieces
 22087 | D:1      | Bought a +6 ring of protection for 936 gold pieces
 22259 | D:8      | Killed a cyclops
 22624 | D:9      | Identified the +3 rapier "Beast's Demise" {freeze, Int+6}
 22652 | D:9      | Noticed a deep elf pyromancer
 22656 | D:9      | Noticed a boulder beetle
 22661 | D:9      | Killed a deep elf pyromancer
 22662 | D:9      | Reached skill level 6 in Long Blades
 22682 | D:9      | Killed a boulder beetle
 22946 | D:9      | Reached skill level 7 in Long Blades
 22946 | D:9      | Reached XP level 11. HP: 66/99 MP: 14/14
 22946 | D:9      | Noticed a catoblepas
 22956 | D:9      | Killed a catoblepas
 23534 | D:9      | Noticed a centaur warrior
 23625 | D:9      | Noticed a six-headed hydra
 23638 | D:9      | Reached skill level 8 in Long Blades
 24159 | D:10     | Entered Level 10 of the Dungeon
 24267 | D:10     | Noticed Amaemon
 24285 | D:9      | Killed Amaemon
 24588 | D:9      | Killed a two-headed hydra
 24589 | D:9      | Reached skill level 9 in Long Blades
 24770 | D:10     | Noticed a tengu warrior
 25083 | D:9      | Killed a five-headed hydra
 25986 | D:10     | Reached skill level 10 in Long Blades
 26539 | D:10     | Killed a tengu warrior
 26716 | D:11     | Found a frozen archway.
 26859 | IceCv    | Entered an ice cave
 26878 | IceCv    | Reached skill level 11 in Long Blades
 27203 | IceCv    | Reached skill level 12 in Long Blades
 27203 | IceCv    | Reached XP level 12. HP: 88/106 MP: 15/15
 27506 | IceCv    | Reached skill level 13 in Long Blades
 27550 | IceCv    | Noticed an ironbound frostheart
 27550 | IceCv    | Noticed an ironbound frostheart
 28033 | IceCv    | Killed an ironbound frostheart
 28515 | IceCv    | Reached skill level 14 in Long Blades
 28600 | IceCv    | Killed an ironbound frostheart
 28981 | IceCv    | Identified the ring "Rezed" {Ice rN++ Will+ MP+9 SInv}
 29648 | D:11     | Got the Textbook on Changing Poison
 30442 | D:12     | Found a staircase to the Orcish Mines.
 31769 | D:12     | Reached skill level 15 in Long Blades
 31775 | D:12     | Noticed a boulder beetle
 31806 | D:12     | Killed a boulder beetle
 31942 | D:12     | Reached XP level 13. HP: 112/112 MP: 15/16
 32602 | Lair:1   | Entered Level 1 of the Lair of Beasts
 34392 | Lair:2   | Reached skill level 16 in Long Blades
 34465 | Lair:2   | Found a dark tunnel.
 34501 | Volcano  | Entered a volcano
 34925 | Lair:2   | Found a staircase to the Swamp.
 34991 | Lair:2   | Found a hole to the Spider Nest.
 36069 | Lair:3   | Noticed Fannar
 36089 | Lair:3   | Killed Fannar
 36207 | Lair:3   | Reached skill level 17 in Long Blades
 36441 | Lair:3   | Noticed Gastronok
 36464 | Lair:3   | Killed Gastronok
 37241 | Lair:4   | Reached XP level 14. HP: 119/119 MP: 17/17
 37783 | Lair:4   | Found a staircase to the Slime Pits.
 38177 | Lair:5   | Entered Level 5 of the Lair of Beasts
 38265 | Lair:4   | Reached skill level 18 in Long Blades
 38587 | Lair:4   | Reached skill level 10 in Fighting
 39705 | Lair:5   | Identified the scarf of Minor Irritation {shadows, rN+
                  | Regen+ Stlth+}
 41082 | Orc:1    | Entered Level 1 of the Orcish Mines
 41343 | Orc:2    | Entered Level 2 of the Orcish Mines
 41352 | Orc:2    | Gained mutation: You are clumsy. (Dex -2) [a neqoxec]
 41590 | Orc:2    | Gained mutation: You passively map a small area around you.
                  | [a neqoxec]
 41813 | Orc:2    | Found Teiwocy's Antique Weapon Emporium.
 41825 | Orc:2    | Found Bekischys's Antique Armour Boutique.
 41835 | Orc:2    | Found a staircase to the Elven Halls.
 41837 | Orc:2    | Found a gate leading to a gauntlet.
 41857 | Gauntlet | Entered a Gauntlet
 41857 | Gauntlet | Found a transporter.
 41857 | Gauntlet | Found a transporter.
 41864 | Gauntlet | Found a transporter.
 41873 | Gauntlet | Found a transporter.
 41882 | Gauntlet | Found a transporter.
 41882 | Gauntlet | Found a transporter.
 41906 | Gauntlet | Found a transporter.
 41913 | Gauntlet | Found a transporter.
 41928 | Gauntlet | Found a transporter.
 41941 | Gauntlet | Found a transporter.
 41949 | Gauntlet | Found a transporter.
 41971 | Gauntlet | Found a transporter.
 41975 | Gauntlet | Found a large runed translucent door.
 42012 | Gauntlet | Found a transporter.
 42014 | Gauntlet | Found a large runed translucent door.
 42014 | Gauntlet | Found a large runed translucent door.
 42015 | Gauntlet | Found a large runed translucent door.
 42015 | Gauntlet | Found a large runed translucent door.
 42018 | Gauntlet | Found a runed translucent door.
 42018 | Gauntlet | Found a runed translucent door.
 42018 | Gauntlet | Found a large runed translucent door.
 42018 | Gauntlet | Found a large runed translucent door.
 42018 | Gauntlet | Found a large runed translucent door.
 42019 | Gauntlet | Found a large runed translucent door.
 42019 | Gauntlet | Found a large runed translucent door.
 42020 | Gauntlet | Found a large runed translucent door.
 42020 | Gauntlet | Found a large runed translucent door.
 42023 | Gauntlet | Found a large runed translucent door.
 42023 | Gauntlet | Found a large runed translucent door.
 42024 | Gauntlet | Found a runed translucent gate.
 42024 | Gauntlet | Found a runed translucent gate.
 42026 | Gauntlet | Found a transporter.
 42034 | Gauntlet | Found a runed translucent gate.
 42068 | Gauntlet | Found a large runed translucent door.
 42068 | Gauntlet | Found a large runed translucent door.
 42133 | Gauntlet | Found a transporter.
 42148 | Gauntlet | Found a transporter.
 42460 | Gauntlet | Identified the +0 pair of gloves "Orut" {Rampage rCorr}
 42504 | Gauntlet | Identified the +2 lajatang of Iraqulaa {freeze, rF+ Str+4}
 42504 | Gauntlet | Identified the +6 ice dragon scales of Exclusion {-Tele
                  | rPois rF- rC++ Will- Dex+8}
 42586 | Gauntlet | Identified the ring "Wuboerph" {rF+ rC- Str+6 Int+7}
 43556 | Orc:2    | Noticed an orc warlord
 43670 | Orc:2    | Paralysed by an orc sorcerer for 3 turns
 43738 | Orc:1    | Killed an orc warlord
 44057 | Orc:2    | Found Muwec's Jewellery Emporium.
 44164 | Orc:2    | Found Osuwnog's General Store.
 44183 | Orc:2    | Reached XP level 15. HP: 134/135 MP: 18/18
 44699 | Orc:2    | Bought a scroll of blinking for 75 gold pieces
 44699 | Orc:2    | Bought a scroll of identify for 20 gold pieces
 45100 | D:13     | Noticed Nessos
 45100 | D:13     | Found a gate to the Vaults.
 45214 | D:12     | Killed Nessos
 45950 | D:13     | Reached skill level 1 in Armour
 46983 | D:13     | Identified the +0 war axe "Godgh" {venom, Fly rCorr Int-5
                  | Stlth+}
 49032 | D:15     | Entered Level 15 of the Dungeon
 49998 | D:15     | Identified the staff of Onazexao {Fly rC+ rN+ Will+ Stlth-
                  | Necro}
 50592 | D:15     | Noticed Azrael
 50606 | D:15     | Killed Azrael
 50793 | D:15     | Found a staircase to the Depths.
 50824 | Depths:1 | Entered Level 1 of the Depths
 50937 | Orc:2    | Bought the amulet of Cipioqyb {Acrobat +Inv rElec} for 714
                  | gold pieces
 51155 | Spider:1 | Entered Level 1 of the Spider Nest
 51376 | Spider:1 | Reached skill level 15 in Fighting
 52101 | Spider:1 | Gained mutation: Potions are less effective at restoring
                  | your health. [mutagenic glow]
 52185 | Spider:1 | Reached skill level 5 in Evocations
 52250 | Spider:1 | Identified the serpent talisman "Oritaodd" {rCorr}
 52250 | Spider:1 | Noticed Aizul
 52280 | Spider:1 | Killed Aizul
 53224 | Spider:1 | Found a runed translucent door.
 53235 | Spider:1 | Noticed Pascal76's ghost (journeyman MiFi)
 53518 | Spider:1 | Reached XP level 16. HP: 149/149 MP: 19/19
 53563 | Spider:1 | Noticed Asterion
 53854 | Spider:1 | Noticed Jorgrun
 53865 | Spider:1 | Killed Jorgrun
 56379 | Spider:2 | Identified the +5 scale mail of Rip Xiqarch {rF++}
 58783 | Spider:3 | Identified the blade talisman "Ykozir" {rPois rC++ Slay-6
                  | Stlth+}
 60607 | Spider:4 | Entered Level 4 of the Spider Nest
 64148 | Spider:4 | Reached skill level 10 in Dodging
 66449 | Spider:4 | Reached XP level 17. HP: 122/161 MP: 20/20
 68199 | Spider:4 | Identified the +1 hat of Qeckocuq {rF+ Stlth+}
 68235 | Spider:4 | Got a gossamer rune of Zot
 69300 | Swamp:1  | Entered Level 1 of the Swamp
 69485 | Orc:2    | Bought a ring of flight for 245 gold pieces
 73634 | Swamp:2  | Reached skill level 19 in Long Blades
 75778 | Swamp:3  | Identified the +5 falchion of Roevugedgh {flame, Dex+2
                  | SInv}
 76039 | Swamp:3  | Noticed a tentacled monstrosity
 76454 | Swamp:3  | Killed a tentacled monstrosity
 76454 | Swamp:3  | Killed from afar by a spriggan druid

Illustrated notes

Levels and vault maps discovered:
D:1:      dpeg_arrival_rooms_a, layout_basic, chequers_big_river,
          nicolae_shop_unique_rings
D:2:      layout_basic, serial_undead, serial_undead_e, serial_undead_f,
          serial_undead_d, serial_undead_d, serial_shops, shop_fountains,
          dreamdust_princess_corridor
D:3:      layout_rooms, ebering_ecumenical_altar_ruins
D:4:      layout_cave_pools, nicolae_qazlal_scattered_showers, serial_shops,
          kennysheep_mini, mainiacjoe_sewer_entry_somewhere_in_here_1
D:5:      layout_cave_pools, old_standard_altar, uniq_edmund, uniq_grinder,
          uniq_blork_the_orc
D:6:      layout_gridville, mainiacjoe_overflow_swirl,
          minmay_temple_entry_slanted, minmay_crystal_water,
          minmay_increasing_density, uniq_sigmund, uniq_crazy_yiuf_cottage,
          uniq_maggie
D:7:      layout_rooms, nicolae_tso_besieged_by_evil
D:8:      layout_rooms, general_overflow_altar, trog_three_pillars_becter,
          grunt_lair_entry_orc_guard_hut, uniq_jeremiah
D:9:      minmay_chopped_fan, layout_basic, onia_ninara_dug_in_and_dangerous
D:10:     layout_cave_pods, uniq_amaemon
D:11:     layout_loops_ring, portal_ice_cave_rime
D:12:     layout_loops_ring, david_orc_3
D:13:     layout_roguey, david_vaults_3
D:14:     layout_loops_ring, old_standard_altar, st_stairs_5,
          lemuel_nasty_fountain
D:15:     grunt_enter_depths_snipers, layout_basic,
          nicolae_concentric_dashed_squares_mild, okawaru_trees_1, uniq_azrael
Temple:   regret_index_temple_waves
Lair:1:   layout_layer_cave, grunt_megastairs_3, serial_bayou_shore_a
Lair:2:   layout_regular_city, swamp_mist_pool,
          nicolae_spider_entry_orb_guardian, nicolae_volcano_entry_lava_flow,
          grunt_megastairs_4
Lair:3:   layout_chaotic_city, grunt_megastairs_5, lemuel_fruit_fields,
          uniq_fannar, uniq_gastronok
Lair:4:   layout_misc_corridors, minmay_slime_entry_oklob_enclosed
Lair:5:   due_jungle_book, layout_cave_pods, chequers_serial_rivers_small_b,
          minivault_24
Swamp:1:  layout_falls_marsh, evilmike_swamp_ruin_house_6, swamp_pool_3,
          nicolae_swamp_catching_bugs, infiniplex_staircase_pool
Swamp:2:  layout_falls_marsh, evilmike_swamp_ruin_rubble_2
Swamp:3:  layout_basic_swamp, evilmike_swamp_ruin_house_2, swamp_pool_1_2
Spider:1: layout_chambers, ebering_ghost_inner_flame, uniq_aizul, uniq_asterion,
          uniq_jorgrun
Spider:2: layout_spider_delve
Spider:3: layout_spider_delve
Spider:4: grunt_spider_rune_parallel, drop_trap
Orc:1:    layout_caves
Orc:2:    grunt_orc_gardens, layout_caves, grunt_orc_garden, grunt_orc_garden,
          grunt_orc_garden, grunt_orc_garden, gauntlet_entry_generic,
          special_room
Depths:1: layout_big_octagon, minmay_misc_feat_columns, pf_coc_iceberg,
          st_stairs_12, minivault_16, nicolae_dithmenos_through_a_glass_darkly,
          serial_bayou_shore_b, minmay_shoptagon, serial_bayou_shore_b

Skill      XL: |  1  2  3  4  5  6  7  8  9 10 11 12 13 14 15 16 17 |
---------------+----------------------------------------------------+-----
Ranged Weapons | 4 5 6 7 8 9 10 | 10.0
Fighting       | 3 5 7 8 9 13 15 17 | 17.0
Stealth        | 1 2 4 |  4.2
Dodging        | 2 5 7 8 10 | 10.5
Evocations     | 1 3 4 7 8 |  8.0
Long Blades    | 7 12 15 17 18 19 | 19.4
Armour         | 4 |  4.4

Action                     |  1- 3 |  4- 6 |  7- 9 | 10-12 | 13-15 | 16-18 || total
---------------------------+-------+-------+-------+-------+-------+-------++-------
  Melee: Great sword       |       |       |       |   338 |   973 |   535 ||  1846
         Scimitar          |       |       |       |    55 |     7 |     4 ||    66
         Punch             |       |       |       |     3 |       |       ||     3
         Falchion          |       |       |       |       |       |     4 ||     4
   Fire: Shortbow          |   136 |   285 |   438 |   151 |       |       ||  1010
         Orcbow            |       |       |       |   223 |   651 |       ||   874
         Longbow           |       |       |       |       |   160 |   412 ||   572
  Evoke: Sack of spiders   |       |       |       |       |       |     1 ||     1
    Use: Scroll            |     2 |     6 |     5 |    10 |    17 |     5 ||    45
         Potion            |       |       |       |     4 |     1 |     1 ||     6
   Stab: Sleeping          |       |       |       |     3 |     2 |     4 ||     9
         Distracted        |       |       |       |     3 |       |       ||     3
 Armour: Leather armour    |    26 |    62 |    41 |       |       |       ||   129
         Steam dragon scal |       |       |    53 |   319 |   280 |       ||   652
         Troll leather arm |       |       |       |       |   370 |   411 ||   781
         Ring mail         |       |       |       |       |       |   162 ||   162
  Dodge: Dodged            |    31 |    57 |   119 |   432 |  1373 |   811 ||  2823

Table legend: (Time is in decaauts)
 A = Elapsed time spent in this place.
 B = Non-inter-level travel time spent in this place.
 C = Inter-level travel time spent in this place.
 D = Time resting spent in this place.
 E = Time spent auto-exploring this place.
 F = Levels seen in this place.
 G = Mean time per level.
                   A        B        C        D        E       F      G
               +--------+--------+--------+--------+--------+-----+--------+
         Total |  76454 |  71543 |   4911 |  37896 |  23636 |  35 | 2184.4 |
       Dungeon |  32084 |  28520 |   3564 |  12482 |  11887 |  15 | 2138.9 |
        Temple |      1 |      1 |      0 |      0 |      0 |   1 |    1.0 |
          Lair |   8169 |   7521 |    648 |   1563 |   4509 |   5 | 1633.8 |
         Swamp |   6316 |   6207 |    109 |   4656 |   1022 |   3 | 2105.3 |
   Spider Nest |  18025 |  17646 |    379 |  12475 |   3367 |   4 | 4506.2 |
  Orcish Mines |   2926 |   2718 |    208 |   1337 |    714 |   2 | 1463.0 |
        Depths |      1 |      1 |      0 |      0 |      0 |   1 |    1.0 |
         Sewer |   5017 |   5017 |      0 |   3979 |    751 |   1 | 5017.0 |
      Ice Cave |   2745 |   2745 |      0 |   1347 |    766 |   1 | 2745.0 |
       Volcano |    342 |    342 |      0 |      2 |    184 |   1 |  342.0 |
      Gauntlet |    822 |    822 |      0 |     52 |    435 |   1 |  822.0 |
               +--------+--------+--------+--------+--------+-----+--------+

Top non-repeatable levels by time:
Spider:4: 8038 daAuts
   Sewer: 5017 daAuts
     D:8: 4457 daAuts
Spider:3: 3570 daAuts
     D:5: 3421 daAuts
Spider:1: 3292 daAuts
     D:9: 3185 daAuts
Spider:2: 3124 daAuts
     D:6: 2802 daAuts
   IceCv: 2745 daAuts
    D:13: 2673 daAuts
 Swamp:1: 2415 daAuts
  Lair:5: 2368 daAuts
     D:7: 2285 daAuts
    D:12: 2251 daAuts
